Map: Heavy Artillery LE

Players

Massa - Winner!

  • Race: Terran Terran
  • League: Platinum
  • Spawn Location: 1:00

qqq - Winner!

  • Race: Zerg Zerg
  • Spawn Location: 3:00

SirCox

  • Race: Protoss Protoss
  • League: Diamond
  • Spawn Location: 7:00

SirStefan

  • Race: Protoss Protoss
  • Spawn Location: 7:00

VOD

Have the link to the VOD?

Description

Time

  • Played on: March 27, 2021, 6:02 p.m.
  • Length: 10:58
Show
View Real Time Build Order
Export as new Build Order

Massa Terran - Winner!

Build Orders: 2 Factory, Cyclone Opening 

Get SALT Encoding   

  12  0:01  SCV  
  13  0:13  SCV  
  14  0:24  Supply Depot  
  14  0:26  SCV  
  15  0:30  Refinery  
  15  0:46  SCV  
  15  0:47  Barracks  
  16  0:58  SCV  
  16  1:03  Refinery  
  17  1:10  SCV  
  18  1:22  SCV  
  19  1:34  SCV  
  20  1:40  Factory  
  20  1:51  Factory  
  20  1:55  Barracks Tech Lab  
  20  1:58  Orbital Command  
  20  2:29  Barracks Tech Lab  
  20  2:30  Cyclone, Supply Depot  
  23  2:41  Mag-Field Accelerator  
  23  2:55  Cyclone  
  26  3:01  SCV  
  27  3:18  Supply Depot  
  27  3:20  SCV  
  27  3:22  Cyclone  
  31  3:40  Cyclone  
  34  3:55  Cyclone  
  37  4:45  Cyclone  
  37  4:53  Engineering Bay  
  37  4:56  Command Center, Supply Depot  
  37  4:57  SCV, Supply Depot  
  37  4:58  Cyclone  
  41  5:09  SCV  
  42  5:21  Supply Depot  
  42  5:22  Terran Infantry Weapons Level 1, Missile Turret  
  42  5:35  Barracks Tech Lab  
  42  6:06  Cyclone x2  
  48  6:13  Orbital Command  
  48  6:16  SCV  
  48  6:17  Refinery  
  49  6:23  Supply Depot  
  49  6:28  SCV  
  44  6:38  Cyclone x2  
  50  6:42  Marauder  
  52  6:55  SCV  
  52  6:56  SCV  
  54  7:04  Marauder  
  54  7:05  Barracks  
  54  7:08  SCV x2, Stimpack  
  58  7:17  Barracks  
  58  7:25  Marauder  
  60  7:40  Barracks  
  60  8:05  Siege Tank  
  63  8:06  Siege Tank  
  63  8:12  Terran Infantry Armor Level 1, Armory  
  66  8:16  Engineering Bay  
  66  8:19  SCV x2, Supply Depot  
  68  8:20  Supply Depot  
  68  8:22  Supply Depot  
  68  8:23  Barracks Tech Lab, Supply Depot  
  68  8:31  SCV x2  
  70  8:42  Supply Depot, Siege Tank  
  70  8:43  SCV  
  70  8:44  Marauder  
  70  9:06  Siege Tank  
  70  9:08  SCV x2  
  75  9:11  Concussive Shells  
  75  9:14  Siege Tank, Combat Shield  
  78  9:36  Barracks Reactor  
  78  9:37  Barracks Tech Lab  
  78  9:38  Siege Tank  
  81  9:44  Marauder x2  
  82  10:05  Marauder x2  
  71  10:09  Marauder  
  73  10:27  Marauder x2  
  74  10:31  Marauder  
  74  10:33  Marine  
  74  10:34  Marine  
Show
View Real Time Build Order
Export as new Build Order

qqq Zerg - Winner!

Build Orders: Hatch First, Swarm Host 

Get SALT Encoding   

  12  0:00  Drone  
  13  0:16  Drone  
  13  0:19  Overlord  
  14  0:46  Hatchery  
  13  0:52  Drone  
  13  0:54  Drone  
  15  1:04  Drone x2  
  17  1:19  Spawning Pool  
  17  1:22  Extractor  
  17  1:23  Drone  
  16  1:27  Drone  
  17  1:53  Drone x2  
  19  2:06  Queen x2  
  23  2:19  Drone x2  
  23  2:20  Drone  
  26  2:29  Drone  
  27  2:31  Drone  
  27  2:41  Roach Warren  
  26  2:44  Metabolic Boost  
  26  2:53  Drone  
  26  2:54  Drone  
  26  2:56  Overlord  
  28  3:01  Lair  
  28  3:16  Hatchery  
  27  3:21  Roach  
  29  3:27  Roach  
  29  3:29  Drone  
  29  3:30  Overlord  
  29  3:31  Drone  
  35  3:34  Roach  
  35  3:40  Drone  
  36  3:43  Extractor, Overlord  
  36  3:45  Drone  
  36  3:49  Spine Crawler  
  36  3:53  Drone x2  
  36  3:55  Drone  
  38  3:56  Drone  
  38  4:00  Roach  
  41  4:13  Evolution Chamber, Glial Reconstitution  
  41  4:14  Evolution Chamber  
  39  4:17  Overlord  
  39  4:18  Drone x2  
  39  4:19  Zergling x2  
  42  4:30  Roach  
  44  4:32  Zergling x2, Roach  
  44  4:33  Overlord  
  47  4:39  Extractor  
  47  4:41  Zergling x6  
  47  4:42  Zergling x2  
  48  4:46  Roach  
  50  4:53  Queen  
  50  4:54  Drone  
  50  4:55  Zergling x4  
  55  5:00  Roach  
  55  5:06  Zerg Melee Weapons Level 1  
  57  5:11  Extractor  
  57  5:13  Drone, Roach x2  
  57  5:14  Drone  
  53  5:43  Roach x6  
  53  5:44  Roach x3  
  69  5:51  Roach x2  
  69  5:56  Zergling x2  
  73  5:57  Overlord  
  73  5:59  Drone  
  74  6:07  Zerg Ground Armor Level 1  
  74  6:13  Overlord x2  
  74  6:26  Drone x4  
  74  6:27  Infestation Pit  
  74  6:28  Drone  
  78  6:33  Overlord  
  63  6:47  Zergling x10  
  63  6:48  Zergling x2  
  63  6:49  Drone  
  63  6:53  Drone x2  
  72  6:55  Zergling x2  
  73  7:04  Hive  
  73  7:22  Spire  
  72  7:23  Drone x4  
  72  7:24  Drone x5  
  72  7:27  Drone  
  72  7:28  Drone  
  83  7:37  Zerg Missile Weapons Level 1  
  83  7:47  Spore Crawler  
  82  8:02  Swarm Host x6  
  82  8:03  Swarm Host x2  
  106  8:06  Overlord x3  
  106  8:11  Spore Crawler  
  105  8:14  Spore Crawler  
  100  8:28  Roach x2  
  100  8:29  Roach x2  
  100  8:30  Overlord  
  100  8:33  Zergling x4  
  110  8:42  Hatchery, Greater Spire  
  110  8:43  Corruptor  
  110  8:44  Corruptor  
  113  9:05  Corruptor x2  
  113  9:06  Corruptor  
  119  9:27  Corruptor x2  
  119  9:29  Overlord x2  
  119  9:30  Drone x3, Overlord  
  119  9:31  Drone x5  
  130  9:35  Extractor  
  130  9:37  Extractor  
  107  9:50  Roach x2  
  111  9:56  Brood Lord  
  111  9:57  Brood Lord  
  115  10:04  Zergling x12  
  115  10:05  Zergling x18  
  130  10:16  Queen  
  130  10:19  Drone x2  
  130  10:20  Drone  
  135  10:22  Brood Lord  
  135  10:23  Brood Lord  
  138  10:35  Roach x4  
  141  10:36  Zergling x4  
Show
View Real Time Build Order
Export as new Build Order

SirCox Protoss 

Build Orders: Nexus First, Blink Stalkers 

Get SALT Encoding   

  12  0:00  Probe  
  13  0:12  Probe  
  14  0:24  Pylon  
  14  0:27  Probe  
  15  0:42  Probe  
  16  0:57  Nexus  
  16  1:06  Gateway  
  16  1:11  Probe (Chrono Boost)  
  17  1:17  Assimilator  
  17  1:23  Probe (Chrono Boost)  
  18  1:28  Assimilator  
  18  1:31  Probe (Chrono Boost)  
  19  1:33  Pylon  
  19  1:37  Probe  
  20  1:49  Probe  
  21  1:57  Cybernetics Core  
  21  2:03  Probe  
  22  2:15  Probe  
  23  2:17  Zealot  
  23  2:22  Gateway  
  25  2:23  Probe  
  26  2:50  Stalker  
  28  2:57  Twilight Council  
  28  3:00  Probe (Chrono Boost), Robotics Facility  
  28  3:01  Probe (Chrono Boost)  
  28  3:05  Pylon  
  30  3:07  Assimilator  
  30  3:11  Sentry  
  33  3:13  Probe (Chrono Boost)  
  33  3:20  Stalker  
  33  3:21  Probe x2 (Chrono Boost)  
  37  3:29  Assimilator  
  37  3:32  Probe  
  38  3:36  Blink (Chrono Boost)  
  38  3:52  Warp Gate (Chrono Boost)  
  38  3:56  Immortal  
  42  4:14  Stalker  
  42  4:15  Stalker  
  46  4:18  Probe x2  
  48  4:30  Probe x2  
  50  4:42  Probe x2  
  52  4:55  Pylon  
  52  4:57  Probe  
  52  4:58  Probe, Pylon  
  54  5:10  Pylon  
  54  5:13  Immortal  
  54  5:14  Forge  
  58  5:22  Probe x2  
  58  5:26  Stalker x2  
  64  5:49  Stalker x2  
  63  6:05  Probe x2  
  63  6:11  Immortal (Chrono Boost)  
  65  6:15  Stalker x2  
  65  6:17  Probe  
  65  6:18  Probe  
  75  6:30  Probe x2  
  73  6:48  Protoss Ground Weapons Level 1 (Chrono Boost), Stalker  
  73  6:49  Stalker  
  77  7:06  Pylon  
  77  7:07  Probe, Nexus  
  78  7:09  Pylon  
  78  7:24  Probe x2, Immortal  
  78  7:27  Stalker x2  
  88  7:45  Stargate  
  88  7:54  Stalker x2  
  88  7:58  Assimilator  
  92  8:01  Assimilator  
  92  8:12  Pylon  
  92  8:14  Stargate  
  92  8:18  Probe x2  
  92  8:19  Immortal  
  98  8:32  Probe x3  
  98  8:33  Phoenix (Chrono Boost)  
  103  8:38  Photon Cannon  
  103  8:40  Fleet Beacon  
  103  8:41  Photon Cannon  
  103  8:43  Photon Cannon  
  103  8:53  Templar Archives  
  103  9:01  Phoenix  
  105  9:02  Phoenix  
  105  9:05  Probe x3  
  110  9:15  Pylon  
  110  9:18  Pylon  
  110  9:21  Pylon  
  110  9:46  Stalker x2  
  114  10:09  Stalker x2  
  118  10:15  Immortal  
  118  10:19  Gateway  
  118  10:20  Probe x2  
  118  10:21  Gateway  
  124  10:22  Gateway x2  
  124  10:24  Gateway  
Show
View Real Time Build Order
Export as new Build Order

SirStefan Protoss 

Build Orders:  

Get SALT Encoding   

  12  0:01  Probe  
  13  0:21  Pylon  
  13  0:25  Probe  
  14  0:38  Assimilator  
  14  0:46  Gateway  
  14  0:48  Probe (Chrono Boost)  
  16  0:58  Probe (Chrono Boost)  
  16  1:03  Probe (Chrono Boost)  
  17  1:12  Pylon  
  18  1:18  Probe (Chrono Boost)  
  18  1:20  Assimilator  
  18  1:27  Probe (Chrono Boost)  
  19  1:33  Probe  
  19  1:35  Cybernetics Core  
  20  1:42  Pylon  
  20  1:45  Probe  
  21  1:58  Probe  
  22  2:09  Gateway  
  22  2:10  Gateway  
  22  2:14  Warp Gate (Chrono Boost)  
  22  2:17  Stalker  
  24  2:36  Forge  
  24  3:09  Protoss Ground Weapons Level 1  
  24  3:17  Nexus  
  24  3:21  Pylon  
  24  3:40  Pylon  
  22  3:59  Stalker  
  24  4:07  Stalker  
  24  4:08  Stalker  
  28  4:16  Probe  
  27  4:25  Robotics Facility  
  27  4:29  Probe  
  24  4:35  Twilight Council  
  24  4:39  Stalker x2  
  24  4:41  Probe  
  29  5:03  Pylon x2  
  29  5:06  Pylon  
  29  5:08  Stalker  
  29  5:10  Sentry  
  29  5:11  Blink (Chrono Boost), Sentry  
  34  5:47  Stalker  
  34  5:48  Stalker x2  
  40  5:59  Immortal  
  44  6:20  Gateway  
  34  6:53  Stalker x2  
  38  6:55  Immortal  
  42  7:12  Gateway  
  42  7:14  Gateway  
  42  7:29  Nexus  
  42  7:48  Stalker, Sentry  
  46  8:19  Nexus  
  46  8:25  Pylon  
  46  8:40  Sentry  
  48  8:42  Robotics Bay  
  40  9:09  Immortal  
  44  9:14  Stalker  
  42  9:34  Probe x2  
  44  9:46  Probe x2  
  44  9:48  Observer  
  47  9:58  Probe  
  48  10:10  Stalker x3  
Tags
 
Add a new tag
Caveats
  • Supply blocks, unpowered buildings, or Contaminate may cause inaccurate times.
  • Supply counts are checked every 10 seconds.